 Dungeon Crawl Stone Soup version 0.29-a0-284-gf9362112df (webtiles) character file.

Game seed: 14081208861877355947

49 n8rtot the Gusty (level 3, -10/26 HPs)
             Began as a Draconian Air Elementalist on Mar 24, 2022.
             Mangled by Terence
             ... wielding a +0 flail
              (11 damage)
             ... on level 2 of the Dungeon.
             The game lasted 00:05:44 (1869 turns).

n8rtot the Gusty (Draconian Air Elementalist)       Turns: 1869, Time: 00:05:44

Health: -10/26     AC:  5    Str: 10    XL:     3   Next: 51%
Magic:  0/7        EV: 12    Int: 17    God:
Gold:   64         SH:  0    Dex: 11    Spells: 6/7 levels left

rFire   . . .      SeeInvis .   (no weapon)
rCold   . . .      Faith    .   (no shield)
rNeg    . . .      Spirit   .   (body armour unavailable)
rPois   .          Reflect  .   (helmet restricted)
rElec   .          Harm     .   (no cloak)
rCorr   .          Rampage  .   (no gloves)
Will    .....                   (no boots)
Stlth   ++........              (no amulet)
HPRegen 0.08/turn               (no ring)
MPRegen 0.10/turn               (no ring)

@: no status effects
A: AC +5, unfitting armour, cold-blooded
a: no special abilities


You were on level 2 of the Dungeon.
You visited 1 branch of the dungeon, and saw 2 of its levels.

You collected 64 gold pieces.

Inventory:

Scrolls
 b - a scroll of identify
 c - a scroll of noise {unknown}
 d - a scroll of summoning {unknown}
 e - a scroll of acquirement {unknown}
 g - 2 scrolls of immolation {unknown}
Potions
 a - a potion of magic
 f - a potion of brilliance
 h - a potion of ambrosia {unknown}
 i - a potion of curing {unknown}


   Skills:
 + Level 1.8 Dodging
 + Level 1.7 Stealth
 + Level 0.8 Unarmed Combat
 + Level 2.6 Spellcasting
 + Level 1.4 Conjurations
 + Level 3.6 Air Magic


You had 6 spell levels left.
You knew the following spells:

 Your Spells              Type           Power      Damage    Failure   Level
a - Shock                 Conj/Air       44%        1d5       6%          1

Your spell library contained the following spells:

 Spells                   Type           Power      Damage    Failure   Level
 Static Discharge         Conj/Air       11%        N/A       10%         2
 Swiftness                Air            14%        N/A       12%         3
 Animate Skeleton         Necr           4%         N/A       19%         1
 Apportation              Tloc           4%         N/A       19%         1
 Summon Small Mammal      Summ           8%         N/A       19%         1
 Airstrike                Air            7%         N/A       36%         4


Dungeon Overview and Level Annotations

Branches:
Dungeon (2/15)

Altars:

Annotations:
D:2 Terence


Innate Abilities, Weirdness & Mutations

Your plain brown scales are hard. (AC +5)
You cannot fit into any form of body armour.
You are cold-blooded and may be slowed by cold attacks.


Message History

Terence barely misses you. Terence attacks as you move away!
Terence closely misses you. Terence attacks as you move away!
Terence misses you. Terence attacks as you move away! Terence misses you.
Casting: Shock (safe; 6% risk of failure)
Confirm with . or Enter, or press ? or * to list all spells.
Aiming: Shock (safe; 6% risk of failure)
Press: ? - help, Shift-Dir - straight line, f/p - Terence
Aim: Terence, wielding a +0 flail and wearing a +0 chain mail (lightly wounded, 77% to hit)
The zap hits Terence.
Terence is moderately wounded.
Terence barely misses you. Terence attacks as you move away!
Terence completely misses you. Terence attacks as you move away!
Terence closely misses you. Terence attacks as you move away!
Terence barely misses you. Terence attacks as you move away!
Terence closely misses you.
Terence says, "Time to say good-bye..."
Casting: Shock (safe; 6% risk of failure)
Confirm with . or Enter, or press ? or * to list all spells.
Aiming: Shock (safe; 6% risk of failure)
Press: ? - help, Shift-Dir - straight line, f/p - Terence
Aim: Terence, wielding a +0 flail and wearing a +0 chain mail (moderately wounded, 77% to hit)
The zap misses Terence.
Terence closely misses you. Terence attacks as you move away!
Terence completely misses you. Terence attacks as you move away!
Terence hits you with a +0 flail! Terence attacks as you move away!
Terence barely misses you.
Casting: Shock (safe; 6% risk of failure)
Confirm with . or Enter, or press ? or * to list all spells.
Aiming: Shock (safe; 6% risk of failure)
Press: ? - help, Shift-Dir - straight line, f/p - Terence
Aim: Terence, wielding a +0 flail and wearing a +0 chain mail (moderately wounded, 77% to hit)
The zap hits Terence.
Terence is moderately wounded.
Terence hits you with a +0 flail.
* * * LOW HITPOINT WARNING * * *
Terence attacks as you move away! Terence hits you with a +0 flail.
* * * LOW HITPOINT WARNING * * *
Terence attacks as you move away! Terence hits you but does no damage.
Terence attacks as you move away! Terence hits you with a +0 flail!
You die...

#.###...........#
#.###...#######.########
#...........# #........#
#..##..####.# #.##.....#
#..#...##.#.###.##.....# .
#.........#.....##.....# #..
##.#..###.#.....##.....#.... #.
#.#..# #.#@...#..†......# #..
#.#..###.#@...#.......^.#
#...##.#......#....#....|...##
#......)......#....#............
#.#######.)...#...##............
#.#...........###.####.#####..J.
#.#.########..# #.# ... ....
#...# ...#.## .# #...# ...
#.######.# #.# .# #...# .
#........# #.# #....


You could see Terence.

Vanquished Creatures
  2 adders (D:2)
  2 dart slugs
  5 ball pythons
  An endoplasm (D:1)
  2 giant cockroaches (D:1)
  A goblin (D:2)
  3 hobgoblins
  2 jackals (D:1)
  A quokka (D:1)
  3 frilled lizards
  4 kobolds
26 creatures vanquished.

Vanquished Creatures (others)
  25 plants (D:1)
25 creatures vanquished.

Grand Total: 51 creatures vanquished

Notes
Turn   | Place    | Note
-------+----------+-------------------------------------------
     0 | D:1      | n8rtot the Draconian Air Elementalist began the quest for
                  | the Orb.
     0 | D:1      | Reached XP level 1. HP: 14/14 MP: 3/3
   318 | D:1      | Reached XP level 2. HP: 20/20 MP: 1/5
  1599 | D:2      | Reached XP level 3. HP: 26/26 MP: 3/6
  1821 | D:2      | Noticed Terence
  1864 | D:2      | HP: 1/26 [Terence/+0 flail (3)]
  1869 | D:2      | Mangled by Terence

Illustrated notes

Levels and vault maps discovered:
D:1:      roderic_crop_circles_arrival_small, layout_basic
D:2:      layout_basic, uniq_terence, uniq_crazy_yiuf_cottage, uniq_natasha

Action                   || total
-------------------------++-------
Melee: Unarmed           ||    37
       Tailslap          ||     4
 Cast: Shock             ||    60
  Use: Scroll            ||     1
Armor: Skin              ||    17
Dodge: Dodged            ||    31

Table legend: (Time is in decaauts)
 A = Elapsed time spent in this place.
 B = Non-inter-level travel time spent in this place.
 C = Inter-level travel time spent in this place.
 D = Time resting spent in this place.
 E = Time spent auto-exploring this place.
 F = Levels seen in this place.
 G = Mean time per level.
                   A        B        C        D        E       F      G
               +--------+--------+--------+--------+--------+-----+--------+
         Total |   1869 |   1869 |      0 |    278 |   1315 |   2 |  934.5 |
       Dungeon |   1869 |   1869 |      0 |    278 |   1315 |   2 |  934.5 |
               +--------+--------+--------+--------+--------+-----+--------+

Top non-repeatable levels by time:
     D:1: 1388 daAuts
     D:2: 481 daAuts
